 Dungeon Sprint DCSS version 0.14-a0-519-g334afa2 (webtiles) character file.

1700000 MDvedh the Ninja (level 14, -4/77 HPs)
             Began as a Spriggan Assassin on Nov 2, 2013.
             Was a Believer of Makhleb.
             Slain by a meat berserker
             ... wielding a +9,+9 battleaxe
              (81 damage)
             ... in the Dungeon (Sprint VIII: "Arena of Blood").
             The game lasted 00:01:05 (17 turns).

MDvedh the Ninja (Spriggan Assassin)                  Turns: 17, Time: 00:01:05

HP  -4/77        AC  4     Str  7      XL: 14   Next: 66%
MP  23/23        EV 35     Int 14      God: Makhleb [**....]
Gold 0           SH  0     Dex 21      Spells:  0 memorised, 13 levels left

Res.Fire  : . . .   See Invis. : +   n - +∞ Axe of Woe
Res.Cold  : . . .   Warding    : .   c - +0 robe
Life Prot.: . . .   Conserve   : .   (shield restricted)
Res.Poison: .       Res.Corr.  : .   (helmet restricted)
Res.Elec. : .       Clarity    : .   d - +0 cloak
Sust.Abil.: . .     Spirit.Shd : .   (gloves unavailable)
Res.Mut.  : .       Prev.Telep.: +   (boots unavailable)
Res.Rott. : .       Flight     : .   (no amulet)
Saprovore : . . .                    (no ring)
                                     (no ring)

@: very quick, very resistant to hostile enchantments, uncannily stealthy
A: unfitting armour, see invisible, herbivore 3, speed 3, slow metabolism 2
a: Minor Destruction, Renounce Religion


You were in the Dungeon.
You worshipped Makhleb.
Makhleb was pleased with you.
You were not hungry.

You visited 1 branch

Inventory:

Hand weapons
 a - a +2,+2 dagger
 b - a +0 blowgun
 n - the +∞,+∞ Axe of Woe (weapon)
   (You found it in the Dungeon)
Missiles
 e - 8 poisoned needles
 f - 2 curare-tipped needles
Armour
 c - a +0 robe (worn)
 d - a +0 cloak (worn)
Scrolls
 m - a scroll of blinking
Potions
 g - a potion of porridge
 h - a potion of curing
 i - a potion of heal wounds
 j - a potion of speed
 k - 2 potions of magic
 l - a potion of berserk rage


   Skills:
 + Level 13.3 Fighting
 + Level 16.8 Short Blades
 * Level 13.8 Axes
 + Level 17.0 Throwing
 + Level 9.2 Armour
 + Level 17.2 Dodging
 O Level 27 Stealth
 + Level 10.0 Unarmed Combat


You had 13 spell levels left.
You didn't know any spells.

Dungeon Overview and Level Annotations

Branches:
Dungeon (1/1)

Altars:
Makhleb


Innate Abilities, Weirdness & Mutations

You are tiny and cannot use many weapons and most armour.
You have supernaturally acute eyesight.
You are a herbivore.
You cover ground extremely quickly.
You need consume almost no food.


Message History

Unknown command.
You hear a shout!
You slaughter the bag of meat joyfully.
You kill the bag of meat!
Makhleb accepts your kill.
Your Fighting skill increases to level 13!
Your Axes skill increases to level 13!
Your Throwing skill increases to level 17!
Your Armour skill increases to level 9!
Your Dodging skill increases to level 17!
Your Unarmed Combat skill increases to level 10!
The meat berserker appears out of thin air!
A meat berserker comes into view. It is wielding a +9,+9 battleaxe.
You hear a shout!
The bag of meat appears out of thin air!
A bag of meat comes into view. It is wielding a +9,+9 war axe.
You hear a shout!
The meat berserker hits you with a +9,+9 battleaxe!
Ouch! That really hurt!
You die...

... #... ..#
....###... ..###.
....o.....###......
...#........_......
.#.......#.....#
.........#_)<._#
#.....).#.....#...
....#....Oo.._......
.......O@OoO###......
......o###.......###.
...... #.......#
..... #..o....# .....
......... .#.
.....o.. . ........
....


You could see 4 meat berserkers and 6 bags of meat.

Vanquished Creatures
  An ogre (D)
  5 orcs (D)
6 creatures vanquished.

Notes
Turn   | Place    | Note
--------------------------------------------------------------
     0 | D        | MDvedh, the Spriggan Assassin, began the quest for the Orb.
     0 | D        | Reached XP level 1. HP: 10/10 MP: 1/1
     4 | D        | Became a worshipper of Makhleb the Destroyer
     5 | D        | Noticed a bag of meat
     5 | D        | Killed a bag of meat
     5 | D        | Reached skill level 9 in Fighting
     5 | D        | Reached skill level 12 in Short Blades
     5 | D        | Reached skill level 27 in Stealth
     5 | D        | Reached XP level 2. HP: 14/16 MP: 3/3
     5 | D        | Reached XP level 3. HP: 17/20 MP: 5/5
     5 | D        | Reached XP level 4. HP: 21/25 MP: 7/7
     5 | D        | Reached XP level 5. HP: 24/29 MP: 9/9
     5 | D        | Reached XP level 6. HP: 28/35 MP: 11/11
     5 | D        | Reached XP level 7. HP: 31/39 MP: 13/13
     5 | D        | Reached XP level 8. HP: 34/44 MP: 15/15
     5 | D        | Reached XP level 9. HP: 37/48 MP: 17/17
     5 | D        | Reached XP level 10. HP: 40/53 MP: 18/18
     5 | D        | Reached XP level 11. HP: 43/58 MP: 20/20
     7 | D        | Noticed a bag of meat
     8 | D        | Noticed a bag of meat
     8 | D        | Noticed a bag of meat
     9 | D        | Noticed a bag of meat
     9 | D        | Killed a bag of meat
     9 | D        | Acquired Makhleb's first power
     9 | D        | Reached skill level 10 in Fighting
     9 | D        | Reached XP level 12. HP: 47/64 MP: 21/21
    10 | D        | Noticed a bag of meat
    10 | D        | Noticed a meat berserker
    10 | D        | Noticed a bag of meat
    10 | D        | Killed a bag of meat
    10 | D        | Reached skill level 10 in Axes
    10 | D        | Reached XP level 13. HP: 50/69 MP: 22/22
    11 | D        | Noticed a meat berserker
    11 | D        | Noticed a meat berserker
    12 | D        | Noticed a bag of meat
    13 | D        | Noticed a bag of meat
    13 | D        | Killed a bag of meat
    13 | D        | Reached skill level 15 in Short Blades
    13 | D        | Reached skill level 15 in Throwing
    13 | D        | Reached skill level 15 in Dodging
    14 | D        | Noticed a meat berserker
    14 | D        | Killed a meat berserker
    14 | D        | Acquired Makhleb's second power
    14 | D        | Reached XP level 14. HP: 76/76 MP: 23/23
    15 | D        | Noticed a bag of meat
    15 | D        | Noticed a bag of meat
    17 | D        | Killed a bag of meat
    17 | D        | Reached skill level 10 in Unarmed Combat
    17 | D        | Slain by a meat berserker

Action                   |  1- 3 |  4- 6 |  7- 9 | 10-12 | 13-15 || total
-------------------------+-------+-------+-------+-------+-------++-------
Melee: Broad axe         |     1 |       |       |     2 |     3 ||     6
 Stab: Distracted        |     1 |       |       |     1 |       ||     2
